 Dungeon Crawl Stone Soup version 0.30.0-29-ga12c61a403 (webtiles) character file.

Game seed: 7250673611871970677

102227 bmack86 the Warrior (level 15, -5/156 HPs)
             Began as a Minotaur Fighter on June 22, 2023.
             Was an Initiate of Gozag.
             Slain by Arachne
             ... wielding a staff of poison
              (9 damage)
             ... on level 2 of the Spider Nest.
             The game lasted 01:21:30 (20193 turns).

bmack86 the Warrior (Minotaur Fighter)             Turns: 20193, Time: 01:21:30

Health: -5/156     AC: 27    Str: 33    XL:     15   Next: 85%
Magic:  14/14      EV:  4    Int: 11    God:    Gozag
Gold:   3166       SH:  0    Dex:  8    Spells: 14/14 levels left

rFire   + + +        d - +9 broad axe
rCold   + + .        r - +3 buckler "Omus Koxt" {-Cast rPois rF+ rC+ Slay+3}
rNeg    . . .        W - +2 plate armour {rF+}
rPois   +            (helmet restricted)
rElec   +            U - +0 cloak {rPois}
rCorr   +            y - +2 pair of gloves
SInv    +            G - +1 pair of boots
Will    +....        A - amulet of regeneration Stlth
                     L - ring of Momiaged {rElec Int+6 Dex-3 SInv}
HPRegen 1.26/turn    E - +6 ring of strength
MPRegen 0.14/turn

%: no spellcasting
@: mighty, brilliant, resistant, on berserk cooldown, held, studying Ranged
Weapons, invisible
A: horns 2, retaliatory headbutt
a: Renounce Religion, Potion Petition, Call Merchant, Bribe Branch


You were on level 2 of the Spider Nest.
You worshipped Gozag.
Gozag was most pleased with you.
You visited 5 branches of the dungeon, and saw 23 of its levels.
You also visited: Gauntlet.

You collected 7751 gold pieces.
You spent 833 gold pieces at shops.
You paid 3752 gold pieces to Gozag.

Inventory:

Hand Weapons
 d - a +9 broad axe (weapon)
 h - a +4 war axe of venom
 p - a +1 war axe of flaming
Missiles
 j - 3 silver boomerangs
 m - 41 poisoned darts
 s - 8 curare-tipped darts
 D - 10 javelins
 I - 17 boomerangs
Armour
 r - the +3 buckler "Omus Koxt" (worn) {-Cast rPois rF+ rC+ Slay+3}
   (You bought it in a shop on level 12 of the Dungeon)

   Slay:      It affects your accuracy & damage with ranged weapons and melee
   (+3).
   rF:        It protects you from fire.
   rC:        It protects you from cold.
   rPois:     It protects you from poison.
   -Cast:     It prevents spellcasting.
 x - a +0 plate armour
 y - a +2 pair of gloves (worn)
 G - a +1 pair of boots (worn)
 H - a +0 cloak
 U - a +0 cloak of poison resistance (worn)
 W - a +2 plate armour of fire resistance (worn)
Jewellery
 l - a ring of ice
 o - an amulet of reflection
 t - a ring of poison resistance
 A - an amulet of regeneration (around neck)
 C - a ring of see invisible
 E - a +6 ring of strength (right hand)
 L - the ring of Momiaged (left hand) {rElec Int+6 Dex-3 SInv}
   (You found it in a Gauntlet)

   [ring of intelligence]

   Int:       It affects your intelligence (+6).
   Dex:       It affects your dexterity (-3).
   rElec:     It insulates you from electricity.
   SInv:      It lets you see invisible.
 M - a ring of fire
Wands
 k - a wand of iceblast (17)
 v - a wand of flame (44) (quivered)
 B - a wand of mindburst (28)
 F - a wand of paralysis (37)
 O - a wand of polymorph (12)
 Q - a wand of digging (3)
Scrolls
 c - 9 scrolls of identify
 e - 4 scrolls of butterflies
 f - a scroll of blinking
 q - 14 scrolls of teleportation
 u - 4 scrolls of poison
 w - 4 scrolls of fear
 z - 2 scrolls of silence
 P - 4 scrolls of fog
Potions
 a - a potion of ambrosia
 b - 3 potions of flight
 g - 2 potions of lignification
 i - 9 potions of curing
 J - 2 potions of resistance
 K - 4 potions of cancellation
 N - a potion of magic
 S - a potion of might
 T - a potion of haste
 V - a potion of berserk rage
Miscellaneous
 R - a box of beasts


   Skills:
 + Level 20.5 Fighting
 - Level 18.0 Axes
 - Level 10.0 Throwing
 + Level 16.9 Armour
 - Level 6.7 Shields


You had 14 spell levels left.
You didn't know any spells.
Your spell library contained the following spells:

 Spells                   Type           Power      Damage    Failure   Level
 Apportation              Tloc           0%         N/A       86%         1
 Beastly Appendage        Tmut           0%         N/A       86%         1
 Magic Dart               Conj           0%         1d3       86%         1
 Necrotise                Necr           0%         1d4       86%         1
 Sandblast                Erth           0%         2d4       86%         1
 Shock                    Conj/Air       0%         1d3       86%         1
 Summon Small Mammal      Summ           0%         N/A       86%         1
 Cigotuvi's Dreadful Rot  Necr/Pois/Air  0%         N/A       95%         2
 Ensorcelled Hibernation  Hex/Ice        0%         N/A       95%         2
 Passwall                 Tmut/Erth      0%         N/A       95%         2
 Poisonous Vapours        Pois/Air       0%         N/A       95%         2
 Searing Ray              Conj           0%         2d4       95%         2
 Sublimation of Blood     Necr           0%         N/A       95%         2
 Wereblood                Tmut           0%         N/A       95%         2
 Call Canine Familiar     Summ           0%         N/A       99%         3
 Hailstorm                Conj/Ice       0%         3d3       99%         3
 Ignite Poison            Fire/Tmut/Pois 0%         N/A       99%         3
 Mephitic Cloud           Conj/Pois/Air  0%         N/A       99%         3
 Spider Form              Tmut/Pois      0%         N/A       99%         3
 Stone Arrow              Conj/Erth      0%         3d7       99%         3
 Summon Guardian Golem    Hex/Summ       0%         N/A       99%         3
 Swiftness                Air            0%         N/A       99%         3
 Vampiric Draining        Necr           0%         2d6       99%         3
 Airstrike                Air            0%         2d(0-16)  100%        4
 Dispel Undead            Necr           0%         3d6       100%        4
 Fulminant Prism          Conj/Hex       0%         3d5       100%        4
 Summon Ice Beast         Ice/Summ       0%         N/A       100%        4
 Agony                    Necr           0%         N/A       100%        5
 Alistair's Intoxication  Tmut/Pois      0%         N/A       100%        5
 Freezing Cloud           Conj/Ice/Air   0%         6-21      100%        5
 Summon Mana Viper        Hex/Summ       0%         N/A       100%        5
 Death Channel            Necr           0%         N/A       100%        6
 Statue Form              Tmut/Erth      0%         N/A       100%        6
 Haunt                    Necr/Summ      0%         N/A       100%        7
 Monstrous Menagerie      Summ           0%         N/A       100%        7
 Summon Hydra             Summ           0%         N/A       100%        7
 Infestation              Necr           0%         N/A       100%        8
 Lehudib's Crystal Spear  Conj/Erth      0%         10d2      100%        8
 Animate Dead             Necr           Unusable   N/A       N/A         4

Dungeon Overview and Level Annotations

Branches:
Dungeon (13/15)            Temple (1/1) D:5            Lair (5/5) D:8
 Shoals (0/4) Lair:3       Spider (2/4) Lair:2        Slime (0/5) Lair:4
    Orc (2/2) D:12            Elf (0/3) Orc:2        Vaults (0/5) D:13
Gauntlet (visited)

Altars:
Ashenzari
Cheibriados
Dithmenos
Elyvilon
Fedhas
Gozag
Hepliaklqana
Kikubaaqudgha
Makhleb
Nemelex Xobeh
Okawaru
Qazlal
Ru
Sif Muna
Trog
Uskayaw
Vehumet
Wu Jian
Xom
Yredelemnul
Zin
The Shining One

Shops:
D:7 =   D:12 [(   Orc:2 (!*[

Portals:
Trove: D:10 (give +5 fire dragon scales)

Annotations:
Spider:2 Arachne


Innate Abilities, Weirdness & Mutations

You have a pair of horns on your head.
You reflexively headbutt those who attack you in melee.


Message History

The bolt of poison misses you.
Arachne points her staff at you, shooting a stream of webbing.
The stream of webbing hits you but does no damage.
You are caught in a web!
There is a web here.
The web tears apart.
A wolf spider comes into view.
Arachne casts a spell at you. The bolt of poison misses you.
You feel yourself speed up.
The wolf spider's many legs skitter.
You hear a faint skittering sound.
Arachne hits you with a staff of poison!
* * * LOW HITPOINT WARNING * * *
Arachne envenoms you.
* * * LOW HITPOINT WARNING * * *
You are poisoned.
Arachne's staff shoots out a stream of webbing.
The stream of webbing hits you but does no damage.
You are caught in a web!
There is a web, spattered with blood here.
You struggle to detach yourself from the web.
You feel sick.
The wolf spider's many legs skitter.
Arachne hits you but does no damage. Arachne envenoms you.
* * * LOW HITPOINT WARNING * * *
You are more poisoned.
A pharaoh ant comes into view.
Okay, then. [a] - 667 gold - resistance, invisibility, curing and magic [b] - 450 gold - resistance and invisibility [c] - 300 gold - brilliance and magic Purchase which effect?
You feel protected.
You fade further into invisibility.
You feel better. Magic courses through your body.
The pharaoh ant gives a chilling moan.
The wolf spider's many legs skitter.
Arachne hits you with a staff of poison!
* * * LOW HITPOINT WARNING * * *
Arachne envenoms you!
You die...
Your body crumbles into a pile of gold.

# .. $.. $ #. ..#....
..#.. ...... ##
^..^...##..#.##.#
..^#.......#$...#
.#...............#
....#!.#....#...##
..#...)..#..#......#
.....#.......H@....#
#.^#..:.##...#...^.^.#
...........#^$##...#.#
...........^$.#.#..#
sB
....#....#..<#......#
..
.(.....#...........##
#
.......##..#^###.#..#
.^.......#.#>.# #####
....#........##


You could see Arachne, a wolf spider (wandering, unable to see you) and a
pharaoh ant (wandering, unable to see you).

Vanquished Creatures
  Azrael (Orc:2)
  A minotaur (Gauntlet)
  2 spark wasps
  An entropy weaver (Spider:1)
  Fannar (D:11)
  4 vault guards (D:13)
  The ghost of SprigganGuy the Fighter, a journeyman VSBr of Gozag (Lair:3)
  6 hydras
  2 boulder beetles
  2 catoblepae
  A radroach (Spider:1)
  4 centaur warriors
  A death knight (D:13)
  4 two-headed ogres
  A deep troll shaman (Lair:5)
  A tengu warrior (D:12)
  6 orc high priests (Orc:2)
  5 death yaks
  Sonja (Orc:1)
  Nergalle (D:10)
  A fire crab (Lair:4)
  A sun moth (Spider:2)
  5 skeletal warriors (D:12)
  A skyshark (Lair:4)
  A spectral death yak (Lair:3)
  2 orb spiders (Spider:1)
  A death drake (Gauntlet)
  2 steelbarb worms (Spider:1)
  2 orc knights
  Pikel (D:8)
  A wizard (D:13)
  A spectral wolf spider (Gauntlet)
  A deep elf pyromancer (D:12)
  A spectral hydra (Lair:3)
  A lindwurm (Lair:5)
  An oklob plant (Gauntlet)
  2 ugly things
  4 wolf spiders
  A manticore (D:13)
  An orc sorcerer (D:13)
  A spectral centaur (Gauntlet)
  3 cyclopes
  A centaur zombie (Gauntlet)
  10 elephants
  7 black mambas
  5 gargoyles
  Maurice (D:8)
  2 demonic crawlers (Spider:1)
  19 cane toads
  2 torpor snails
  3 unseen horrors
  A kobold demonologist (D:13)
  3 rime drakes
  Psyche (D:8)
  3 freezing wraiths (D:13)
  9 komodo dragons
  3 meliai (D:13)
  A merfolk (Lair:3)
  9 trolls
  5 polar bears
  4 tarantellas
  15 dream sheep
  14 blink frogs
  A meliai zombie (Gauntlet)
  3 slime creatures (D:12)
  2 jumping spiders (Spider:1)
  4 shadows
  A vampire (D:13)
  7 wyverns
  6 culicivoras
  5 humans (D:8)
  14 basilisks
  Grum (D:8)
  57 yaks
  2 wraiths (D:13)
  3 fire elementals (Orc:2)
  2 death yak simulacra (Lair:3)
  9 redbacks
  5 vampire mosquitoes
  3 steam dragons (Lair:3)
  13 wargs
  5 acid dragons
  4 hell hounds (Orc:2)
  15 water moccasins
  10 orc warriors
  An ice beast (D:8)
  A sky beast (D:6)
  2 black bears
  A black mamba simulacrum (Lair:3)
  12 wolves
  2 ogres
  13 centaurs
  3 phantoms
  A kobold brigand (D:9)
  18 bullfrogs
  2 scorpions
  5 earth elementals (D:12)
  5 wights (D:8)
  4 killer bees (D:10)
  6 howler monkeys
  An electric eel (Lair:3)
  3 hounds
  2 jellies
  34 orc priests
  2 gnoll boudas
  A sleepcap (D:7)
  Jessica (D:3)
  14 orc wizards
  5 iguanas
  Natasha (twice) (D:2)
  12 gnolls
  5 adders
  A shadow imp (D:5)
  A white imp (D:5)
  An ufetubus (D:4)
  2 worms (D:2)
  A dart slug (D:1)
  82 orcs
  6 ball pythons
  5 endoplasms
  4 giant cockroaches
  A hobgoblin (D:1)
  15 jackals
  4 quokkas
  3 bats
  2 frilled lizards
  6 goblins
  13 kobolds
  3 rats (D:1)
679 creatures vanquished.

Notes
Turn   | Place    | Note
-------+----------+-------------------------------------------
     0 | D:1      | bmack86 the Minotaur Fighter began the quest for the Orb.
     0 | D:1      | Reached XP level 1. HP: 19/19 MP: 0/0
   123 | D:1      | Found a faded altar of an unknown god.
   174 | D:1      | Reached XP level 2. HP: 26/26 MP: 1/1
   620 | D:1      | Reached XP level 3. HP: 31/31 MP: 2/2
  1029 | D:2      | Noticed Natasha
  1040 | D:2      | Killed Natasha
  1041 | D:2      | Reached skill level 5 in Axes
  1041 | D:2      | Reached XP level 4. HP: 33/39 MP: 3/3
  1078 | D:2      | Noticed Natasha
  1084 | D:2      | Killed Natasha
  1613 | D:3      | Found a radiant altar of Vehumet.
  1613 | D:3      | Noticed Jessica
  1635 | D:3      | Killed Jessica
  1636 | D:3      | Reached XP level 5. HP: 13/45 MP: 4/4
  1997 | D:3      | Found a blossoming altar of Fedhas.
  1998 | D:3      | Found a hide-covered altar of Uskayaw.
  1999 | D:3      | Found a basalt altar of Yredelemnul.
  2000 | D:3      | Found an ornate altar of the Wu Jian Council.
  2193 | D:4      | Noticed an ogre
  2210 | D:4      | Killed an ogre
  2353 | D:4      | Noticed a black bear
  2359 | D:4      | Killed a black bear
  2360 | D:4      | Reached XP level 6. HP: 38/51 MP: 5/5
  3029 | D:5      | Entered Level 5 of the Dungeon
  3123 | D:5      | Reached XP level 7. HP: 57/57 MP: 6/6
  3289 | D:5      | Found a staircase to the Ecumenical Temple.
  3296 | Temple   | Entered the Ecumenical Temple
  3322 | Temple   | Became a worshipper of Gozag Ym Sagoz the Greedy
  3471 | D:5      | Reached skill level 10 in Axes
  3793 | D:5      | Found a glowing golden altar of the Shining One.
  3846 | D:5      | Noticed a troll
  3854 | D:5      | Killed a troll
  3855 | D:5      | Reached XP level 8. HP: 50/64 MP: 7/7
  4513 | D:6      | Got the Teachings on the Missiles and Clay
  4893 | D:7      | Reached XP level 9. HP: 70/70 MP: 8/8
  5024 | D:7      | Reached skill level 4 in Fighting
  5345 | D:7      | Found Yptasepn's Jewellery Boutique.
  5450 | D:8      | Reached skill level 5 in Fighting
  5477 | D:8      | Noticed Grum
  5492 | D:8      | Killed Grum
  5493 | D:8      | Reached skill level 6 in Fighting
  5493 | D:8      | Reached skill level 5 in Armour
  5573 | D:8      | Found a staircase to the Lair.
  5574 | D:8      | Noticed Psyche
  5584 | D:8      | Reached skill level 7 in Fighting
  5592 | D:8      | Killed Psyche
  5593 | D:8      | Reached skill level 8 in Fighting
  5647 | D:8      | Noticed Maurice
  5657 | D:8      | Killed Maurice
  5661 | D:8      | Reached skill level 9 in Fighting
  5661 | D:8      | Reached XP level 10. HP: 75/91 MP: 9/9
  5768 | D:8      | Reached skill level 10 in Fighting
  6003 | D:8      | Noticed Pikel
  6010 | D:8      | Killed Pikel
  6011 | D:8      | Reached skill level 11 in Fighting
  6402 | D:9      | Reached skill level 12 in Fighting
  6669 | D:9      | Noticed a two-headed ogre
  6680 | D:9      | Killed a two-headed ogre
  6681 | D:9      | Reached XP level 11. HP: 54/105 MP: 10/10
  6809 | D:10     | Entered Level 10 of the Dungeon
  6821 | D:10     | Found a portal to a secret trove of treasure.
  6889 | D:10     | Noticed Nergalle
  6899 | D:10     | Killed Nergalle
  6900 | D:10     | Reached skill level 13 in Fighting
  7071 | D:10     | Noticed a green ugly thing
  7074 | D:10     | Noticed a centaur warrior
  7081 | D:10     | Killed a green ugly thing
  7082 | D:10     | Reached skill level 10 in Armour
  7086 | D:10     | Killed a centaur warrior
  7705 | D:11     | Noticed a two-headed ogre
  7705 | D:11     | Noticed a two-headed ogre
  7710 | D:11     | Killed a two-headed ogre
  7711 | D:11     | Reached skill level 14 in Fighting
  7712 | D:11     | Killed a two-headed ogre
  7713 | D:11     | Found a gate leading to a gauntlet.
  7731 | Gauntlet | Entered a Gauntlet
  7731 | Gauntlet | Noticed a shining eye
  7731 | Gauntlet | Found a transporter.
  7731 | Gauntlet | Found a transporter.
  7731 | Gauntlet | Found a transporter.
  7732 | Gauntlet | Found a transporter.
  7737 | Gauntlet | Found a transporter.
  7741 | Gauntlet | Found a transporter.
  7743 | Gauntlet | Noticed an oklob plant
  7756 | Gauntlet | Found a transporter.
  7759 | Gauntlet | Found a transporter.
  7759 | Gauntlet | Found a transporter.
  7761 | Gauntlet | Found a transporter.
  7761 | Gauntlet | Noticed a wolf spider
  7762 | Gauntlet | Noticed an entropy weaver
  7763 | Gauntlet | Noticed a death drake
  7780 | Gauntlet | Found a transporter.
  7782 | Gauntlet | Found a transporter.
  7904 | Gauntlet | Killed an oklob plant
  7931 | Gauntlet | Killed a death drake
  7940 | Gauntlet | Reached skill level 15 in Fighting
  7954 | Gauntlet | Identified the ring of Momiaged {rElec Int+6 Dex-3 SInv}
  8057 | Gauntlet | Noticed a minotaur
  8080 | Gauntlet | Killed a minotaur
  8102 | Gauntlet | Identified the +8 falchion "Yruysuno" {spect, rC+ Str+3
                  | SInv}
  8208 | D:11     | Reached XP level 12. HP: 121/121 MP: 11/11
  8273 | D:11     | Noticed a two-headed ogre
  8285 | D:11     | Killed a two-headed ogre
  8335 | D:11     | Reached skill level 16 in Fighting
  8410 | D:11     | Noticed Fannar
  8423 | D:11     | Killed Fannar
  8572 | D:11     | Reached skill level 1 in Throwing
  8889 | D:12     | Found a staircase to the Orcish Mines.
  9007 | D:12     | Found Gisselas's Armour Emporium.
  9026 | D:12     | Reached skill level 5 in Shields
  9035 | D:12     | Bought the +3 buckler "Omus Koxt" {-Cast rPois rF+ rC+
                  | Slay+3} for 553 gold pieces
  9076 | D:12     | Noticed a tengu warrior
  9092 | D:12     | Killed a tengu warrior
  9135 | D:12     | Found Haolaenu's Weapon Shop.
  9288 | D:12     | Noticed a catoblepas
  9307 | D:12     | Killed a catoblepas
  9548 | D:12     | Reached skill level 17 in Fighting
  9811 | D:12     | Reached skill level 15 in Axes
  9811 | D:12     | Reached XP level 13. HP: 132/132 MP: 12/12
  9932 | D:13     | Identified the +9 sling of Tirid {heavy, rPois MP+9}
 10002 | D:13     | HP: 5/132 [acid (10)]
 10005 | D:13     | Reached skill level 5 in Throwing
 11116 | D:13     | Found a gate to the Vaults.
 11310 | Lair:1   | Entered Level 1 of the Lair of Beasts
 12020 | Lair:1   | Reached skill level 18 in Fighting
 12659 | Lair:2   | Found a hole to the Spider Nest.
 13143 | Lair:2   | Reached XP level 14. HP: 116/143 MP: 13/13
 13980 | Lair:3   | Identified the +1 leather armour "Vusuiza" {Int+5}
 14185 | Lair:3   | Found a staircase to the Shoals.
 14634 | Lair:3   | Found a runed translucent gate.
 14634 | Lair:3   | Found a runed translucent gate.
 14634 | Lair:3   | Found a runed translucent gate.
 14639 | Lair:3   | Noticed SprigganGuy's ghost (journeyman VSBr)
 14847 | Lair:3   | Killed SprigganGuy's ghost
 15237 | Lair:4   | Found the +4 robe of Folly {Brill Will-∞ Int+8}
 15727 | Lair:4   | Reached skill level 19 in Fighting
 15857 | Lair:4   | Found a staircase to the Slime Pits.
 16464 | Lair:5   | Entered Level 5 of the Lair of Beasts
 16565 | Lair:5   | Reached skill level 15 in Armour
 16566 | Lair:5   | Reached XP level 15. HP: 152/152 MP: 14/14
 17051 | Lair:5   | Identified the +2 dagger "Omieffe" {elec, rPois Int+5}
 17199 | Lair:5   | Identified the +2 spear "Pezeluxo" {heavy, Fragile Str+2
                  | Int+4}
 17459 | Lair:5   | Identified the +9 great sword of Destiny {freeze, Dex+6}
 17460 | Lair:5   | Identified the +2 leather armour of Cefys {Str+5 Dex+3}
 17936 | Orc:1    | Entered Level 1 of the Orcish Mines
 18093 | Orc:2    | Entered Level 2 of the Orcish Mines
 18095 | Orc:2    | Noticed Azrael
 18111 | Orc:2    | Killed Azrael
 18300 | Orc:2    | Found Aremaar's Distillery.
 18309 | Orc:2    | Reached skill level 10 in Throwing
 18339 | Orc:2    | Found Solovape's Antique Weapon Shop.
 18477 | Orc:2    | Found Lirghin's Antique Armour Shoppe.
 18508 | Orc:2    | Bought an embroidered cloak for 195 gold pieces
 18524 | Orc:2    | Found Effeac's General Store.
 18564 | Orc:2    | Bought a potion of berserk rage for 85 gold pieces
 18577 | Orc:2    | Found a staircase to the Elven Halls.
 19178 | Orc:1    | Noticed Sonja
 19191 | Orc:1    | Killed Sonja
 19654 | Spider:1 | Entered Level 1 of the Spider Nest
 19671 | Spider:1 | Reached skill level 20 in Fighting
 20094 | Spider:1 | You fall into a shaft and drop 1 floor!
 20145 | Spider:2 | Noticed Arachne
 20162 | Spider:2 | HP: 7/156 [torpor snail (4)]
 20174 | Spider:2 | HP: 7/156 [poisoned by Arachne (bolt of poison)]
 20192 | Spider:2 | HP: 4/156 [Arachne/staff of poison (6)]
 20193 | Spider:2 | Slain by Arachne

Illustrated notes

Levels and vault maps discovered:
D:1:      dpeg_arrival_lava_altar, layout_basic,
          dreamdust_ecumenical_altar_statues
D:2:      layout_basic, minmay_misc_feat_five, uniq_natasha
D:3:      layout_loops_cross, nicolae_vehumet_altar_sigil,
          mainiacjoe_overflow_alcove_3, uniq_jessica
D:4:      layout_loops_ring
D:5:      layout_loops_cross, overflow_temple_1_default,
          minmay_temple_entry_gardened_gates, minmay_small_thing
D:6:      layout_loops_ring
D:7:      layout_basic, serial_shops, kennysheep_mini, nicolae_benzene_ring
D:8:      layout_basic, erik_lair_orcish_takeover, minmay_ruffians, uniq_pikel,
          uniq_grum, uniq_psyche, uniq_maurice
D:9:      layout_rooms
D:10:     layout_basic, nicolae_trove_entry_free_sample, minmay_statues_item,
          uniq_nergalle
D:11:     layout_small_grid, gauntlet_entry_generic, uniq_fannar
D:12:     layout_roguey, david_orc_2, serial_shops,
          nicolae_shop_competitors_out_of_business, nicolae_shop_tiny_glass,
          nicolae_kite_square_tiling_tiny, hangedman_cracks_in_the_wall
D:13:     layout_gridville, grunt_vaults_entry_fortified
Temple:   nicolae_temple_elliptical
Lair:1:   layout_layer_cave, serial_bayou_shore_b
Lair:2:   layout_cave_pods, hellmonk_spider_entry_life_and_decay
Lair:3:   layout_hall_layers, elwin_shoals_entry_rooms,
          gammafunk_ghost_necromancy, beast_lair_carwin_10
Lair:4:   nzn_winding_woodlands_small [nzn_winding_woodlands_5x15_jagged,
          nzn_winding_woodlands_center_triple_pond,
          nzn_winding_woodlands_5x15_lazy_stream], layout_layer_cave,
          dpeg_slime_entry_enclosed, beast_lair_carwin_1, grunt_megastairs_2
Lair:5:   grunt_lair_end_beastmaster, layout_cave_pods
Spider:1: nicolae_spider_hilbert_zone_4 [nicolae_spider_hilbert_4_sides_2_open,
          nicolae_spider_hilbert_4_sides_1_open,
          nicolae_spider_hilbert_4_sides_1_open,
          nicolae_spider_hilbert_4_sides_1_open,
          nicolae_spider_hilbert_4_sides_1_open,
          nicolae_spider_hilbert_2_sides_1_open,
          nicolae_spider_hilbert_2_sides_1_open,
          nicolae_spider_hilbert_2_sides_1_open,
          nicolae_spider_hilbert_2_sides_1_open,
          nicolae_spider_hilbert_6_sides_1_open,
          nicolae_spider_hilbert_6_sides_1_open,
          nicolae_spider_hilbert_3_sides_1_open,
          nicolae_spider_hilbert_3_sides_1_open]
Spider:2: layout_spider_delve, drop_trap, nicolae_spider_rock_and_or_roll,
          uniq_aizul, uniq_arachne
Orc:1:    layout_caves, uniq_sonja
Orc:2:    st_orc_town, layout_caves, lemuel_statue_altar, uniq_azrael

Skill      XL: |  1  2  3  4  5  6  7  8  9 10 11 12 13 14 15 |
---------------+----------------------------------------------+-----
Axes           | 3 4 5 6 8 9 11 14 15 16 17 18 | 18.0
Fighting       | 9 12 15 17 18 19 20 | 20.5
Armour         | 6 9 11 12 13 15 16 | 16.9
Throwing       | 4 7 9 10 | 10.0
Shields        | 6 |  6.7

Action                     |  1- 3 |  4- 6 |  7- 9 | 10-12 | 13-15 || total
---------------------------+-------+-------+-------+-------+-------++-------
  Melee: War axe           |    57 |    94 |   221 |   412 |   103 ||   887
         Headbutt          |     6 |     9 |    37 |    93 |   194 ||   339
         Unarmed           |     6 |     2 |       |       |       ||     8
         Broad axe         |       |       |       |       |   744 ||   744
 Invoke: Potion Petition   |       |       |       |     2 |     6 ||     8
  Evoke: Wand              |       |     3 |     1 |       |     1 ||     5
    Use: Potion            |       |     1 |     1 |     6 |     3 ||    11
         Scroll            |       |     3 |    13 |    13 |    12 ||    41
   Stab: Distracted        |       |       |       |     1 |     2 ||     3
         Petrified         |       |       |       |       |     3 ||     3
         Petrifying        |       |       |       |       |     2 ||     2
 Armour: Scale mail        |    23 |    30 |    68 |       |       ||   121
         Skin              |     2 |       |       |       |       ||     2
         Chain mail        |       |       |     4 |    63 |       ||    67
         Plate armour      |       |       |       |   202 |   518 ||   720
  Dodge: Dodged            |    26 |    47 |    51 |   170 |   270 ||   564
  Block: Buckler           |    10 |    17 |    28 |    73 |   312 ||   440
